 Dungeon Crawl Stone Soup version 0.22-a0-282-gdd34a7d (webtiles) character file.

589 nikopol the Magician (level 7, 0/37 HPs)
             Began as a Deep Elf Fire Elementalist on Mar 14, 2018.
             Killed by nerve-wracking pain
             ... invoked by an orc priest
              (10 damage)
             ... on level 5 of the Dungeon on Mar 17, 2018.
             The game lasted 00:14:16 (4238 turns).

nikopol the Magician (Deep Elf Fire Elementalist)   Turns: 4238, Time: 00:14:17

Health: 0/37       AC:  2    Str:  5    XL:     7   Next: 15%
Magic:  9/18       EV: 14    Int: 22    God:
Gold:   195        SH:  0    Dex: 15    Spells: 3/18 levels left

rFire    . . .     SeeInvis +   v - +2 dagger (protect)
rCold    . . .     Gourm    .   (no shield)
rNeg     . . .     Faith    .   a - +0 robe
rPois    .         Spirit   .   (no helmet)
rElec    .         Reflect  .   (no cloak)
rCorr    .         Harm     .   (no gloves)
MR       .....                  (no boots)
Stlth    ++........             (no amulet)
HPRegen  0.12/turn              t - ring of see invisible
MPRegen  0.16/turn              (no ring)

@: very slightly contaminated
A: no striking features
a: no special abilities


You were on level 5 of the Dungeon.
You were not hungry.

You visited 1 branch of the dungeon, and saw 5 of its levels.

You collected 195 gold pieces.

Inventory:

Hand Weapons
 v - a +2 dagger of protection (weapon)
Armour
 a - a +0 robe (worn)
Jewellery
 t - a ring of see invisible (left hand)
Wands
 r - a wand of scattershot (7)
Scrolls
 e - 2 scrolls of enchant weapon {unknown}
 f - 4 scrolls of remove curse {unknown}
 g - 2 scrolls of amnesia {unknown}
 i - 2 scrolls of magic mapping {unknown}
 j - 8 scrolls of identify {unknown}
 l - a scroll of immolation {unknown}
 n - 2 scrolls of teleportation {unknown}
 q - 2 scrolls of fog {unknown}
Potions
 b - a potion of mutation {unknown}
 d - 2 potions of heal wounds
 h - a potion of ambrosia {unknown}
 k - a potion of degeneration {unknown}
 m - a potion of agility {unknown}
 o - 3 potions of brilliance {unknown}
 p - a potion of curing {unknown}
 u - a potion of invisibility {unknown}
Comestibles
 c - 9 rations
 s - a chunk of flesh


   Skills:
 + Level 0.5 Fighting
 + Level 3.6 Dodging
 + Level 3.4 Stealth
 + Level 6.0 Spellcasting
 + Level 3.9 Conjurations
 + Level 5.9 Fire Magic


You had 3 spell levels left.
You knew the following spells:

 Your Spells              Type           Power        Failure   Level  Hunger
a - Flame Tongue          Conj/Fire      ####.        1%          1    None
b - Throw Flame           Conj/Fire      ####..       1%          2    None
c - Conjure Flame         Conj/Fire      ####....     3%          3    #......
d - Sticky Flame          Conj/Fire      ####....     12%         4    ###....
e - Fireball              Conj/Fire      ####......   32%         5    #####..


Dungeon Overview and Level Annotations

Branches:
Dungeon (5/15)
 Temple: D:4-7

Altars:
Ashenzari
Elyvilon
Fedhas
Nemelex Xobeh
Okawaru
Qazlal
Uskayaw
Xom
Yredelemnul


Message History

Casting: Flame Tongue (safe; 1% risk of failure)
Confirm with . or Enter, or press ? or * to list all spells.
Aiming: Flame Tongue (safe; 1% risk of failure)
Press: ? - help, Shift-Dir - straight line, f/p - orc wizard
Aim: an orc wizard, wielding a dagger of holy wrath and wearing a robe (moderately wounded)
The flame tongue hits the orc wizard.
The orc wizard is severely wounded.
Casting: Flame Tongue (safe; 1% risk of failure)
Confirm with . or Enter, or press ? or * to list all spells.
Aiming: Flame Tongue (safe; 1% risk of failure)
Press: ? - help, Shift-Dir - straight line, f/p - orc wizard
Aim: an orc wizard, wielding a dagger of holy wrath and wearing a robe (severely wounded)
The flame tongue hits the orc wizard.
The orc wizard is almost dead.
The orc wizard casts a spell at you. The magic dart hits you!
* * * LOW HITPOINT WARNING * * *
The orc priest invokes the aid of Beogh against you.
Pain shoots through your body!
You die...

..# #......######...##...#
..#####......#...##........#
.......#######...#.ooo.....#
.......#.........#......)..#
.......#.........##...#
##.....#.........##o..######
.#.....#....##...#.........#
.#.....#....##...##........#
.+.....#....##..@##........#
+#.....#.....#..ooo........#
.......#.(...#...###'########
.......#.....'...#..........#
.......#....######..........#
.......#....# #..........#
.......#....## #..........#
.......#.....# #..........#
.......#.....# #..........#


You could see an orc priest and 2 orc wizards.

Vanquished Creatures
  A necrophage (D:5)
  A hound (D:3)
  An orc priest (D:5)
  Natasha (thrice) (D:3)
  2 worker ants (D:4)
  4 orc wizards (D:5)
  4 gnolls
  7 adders
  A shadow imp (D:5)
  An ooze (D:3)
  An adder skeleton (D:5)
  A dart slug (D:1)
  4 leopard geckos
  12 orcs
  3 giant cockroaches
  8 goblins
  6 hobgoblins
  9 jackals
  2 quokkas
  2 ball pythons
  3 bats
  3 frilled lizards
  4 kobolds
  4 rats
87 creatures vanquished.

Notes
Turn   | Place    | Note
-------+----------+-------------------------------------------
     0 | D:1      | nikopol the Deep Elf Fire Elementalist began the quest for the Orb.
     0 | D:1      | Reached XP level 1. HP: 10/10 MP: 6/6
   380 | D:1      | Reached XP level 2. HP: 15/15 MP: 6/8
   725 | D:2      | Reached XP level 3. HP: 11/19 MP: 3/9
  1472 | D:2      | Learned a level 2 spell: Throw Flame
  1476 | D:2      | Learned a level 3 spell: Conjure Flame
  1497 | D:3      | Reached XP level 4. HP: 24/24 MP: 9/11
  1691 | D:3      | Found a blossoming altar of Fedhas.
  1691 | D:3      | Found a faded altar of an unknown god.
  1697 | D:3      | Found a faded altar of an unknown god.
  1709 | D:3      | Found an iron altar of Okawaru.
  1710 | D:3      | Found a basalt altar of Yredelemnul.
  1750 | D:3      | Reached skill level 4 in Spellcasting
  1812 | D:3      | Noticed Natasha
  1829 | D:3      | Reached XP level 5. HP: 17/28 MP: 1/13
  2041 | D:3      | Killed Natasha
  2207 | D:3      | Noticed Natasha
  2208 | D:3      | Killed Natasha
  2235 | D:3      | Learned a level 4 spell: Sticky Flame
  2251 | D:3      | Noticed Natasha
  2255 | D:3      | Killed Natasha
  2383 | D:3      | Found a snail-covered altar of Cheibriados.
  2385 | D:3      | Found a shattered altar of Ashenzari.
  2385 | D:3      | Found a stormy altar of Qazlal.
  2387 | D:3      | Found a blossoming altar of Fedhas.
  2387 | D:3      | Found a shimmering altar of Xom.
  2387 | D:3      | Found a sparkling altar of Nemelex Xobeh.
  2389 | D:3      | Upgraded the game from 0.22-a0-274-gf8199ec to 0.22-a0-278-g8f80174
  2655 | D:4      | Reached skill level 5 in Fire Magic
  2710 | D:4      | Found a white marble altar of Elyvilon.
  2886 | D:4      | Reached XP level 6. HP: 32/32 MP: 12/15
  2887 | D:4      | Reached skill level 5 in Spellcasting
  3460 | D:5      | Entered Level 5 of the Dungeon
  3856 | D:5      | Found a hide-covered altar of Uskayaw.
  4002 | D:5      | Learned a level 5 spell: Fireball
  4014 | D:5      | Upgraded the game from 0.22-a0-278-g8f80174 to 0.22-a0-282-gdd34a7d
  4027 | D:5      | Reached XP level 7. HP: 36/37 MP: 8/17
  4098 | D:5      | Reached skill level 6 in Spellcasting
  4238 | D:5      | Killed from afar by an orc priest

Vault maps used:
D:1:      lightli_arrival_maybe_door_vault
D:3:      doesnt_xom_only_xom, chequers_temple_overflow_minitemple, uniq_natasha
D:4:      elyvilon_altar_1, first_ration
D:5:      nicolae_overflow_hidden_temple, kennysheep_small_circle

Skill      XL: |  1  2  3  4  5  6  7 |
---------------+----------------------+-----
Fire Magic     | 4 5 |  5.9
Conjurations   | 2 3 |  3.9
Dodging        | 3 |  3.6
Stealth        | 3 |  3.4
Spellcasting   | 4 5 6 |  6.0
Fighting       | |  0.5

Action                   |  1- 3 |  4- 6 |  7- 9 || total
-------------------------+-------+-------+-------++-------
Melee: Unarmed           |     1 |       |       ||     1
 Cast: Flame Tongue      |    47 |   111 |    13 ||   171
       Throw Flame       |       |     6 |     3 ||     9
       Sticky Flame      |       |     6 |       ||     6
       Conjure Flame     |       |     1 |       ||     1
  Use: Potion            |       |     1 |       ||     1
  Eat: Chunk             |     2 |     8 |     1 ||    11
Armor: Robe              |     1 |     2 |       ||     3
Dodge: Dodged            |    16 |    41 |     3 ||    60

Table legend:
 A = Spawn XP
 B = Non-spawn XP
 C = Spawn XP percentage of total XP
 D = Spawn monster count
 E = Non-spawn monster count
 F = Spawn count percentage of total count
 G = Total turns spent on level
                    A         B        C        D         E        F      G
               +---------+---------+-------+---------+---------+-------+---------
         Total |       0 |     842 |   0.0 |       0 |      87 |   0.0 |  4238
               +---------+---------+-------+---------+---------+-------+---------
           D:1 |       0 |      36 |   0.0 |       0 |      11 |   0.0 |   677
           D:2 |       0 |      72 |   0.0 |       0 |      16 |   0.0 |   959
           D:3 |       0 |     251 |   0.0 |       0 |      29 |   0.0 |   877
           D:4 |       0 |     108 |   0.0 |       0 |      10 |   0.0 |  1014
           D:5 |       0 |     375 |   0.0 |       0 |      21 |   0.0 |   711
               +---------+---------+-------+---------+---------+-------+---------
